 Dungeon Crawl Stone Soup version 0.28-a0-1567-g1695149f81 (webtiles) character file.

Game seed: 3024956704172741163

1562 comborobin the Grappler (level 8, 0/74 HPs)
             Began as a Troll Cinder Acolyte on Jan 20, 2022.
             Was a High Priest of Ignis.
             Slain by a hornet (11 damage)
             ... on level 8 of the Dungeon.
             The game lasted 00:02:35 (1697 turns).

comborobin the Grappler (Troll Cinder Acolyte)      Turns: 1697, Time: 00:02:35

Health: 0/74       AC:  4    Str: 23    XL:     8   Next: 58%
Magic:  0/8        EV:  9    Int: 10    God:    Ignis [*****.]
Gold:   152        SH:  0    Dex:  7    Spells: 9/9 levels left

rFire   + . .      SeeInvis .     - Unarmed
rCold   . . .      Faith    .   (no shield)
rNeg    . . .      Spirit   +   a - +0 robe
rPois   .          Reflect  .   c - +0 hat
rElec   .          Harm     .   (no cloak)
rCorr   .          Rampage  .   (gloves unavailable)
Will    .....                   (boots unavailable)
Stlth   +.........              k - amulet of guardian spirit
HPRegen 1.02/turn               (no ring)
MPRegen 0.11/turn               (no ring)

@: lethally poisoned (0 -> 0), slowed, very slow
A: large, unfitting armour, claws 3, regeneration 1, shaggy fur 1, tough skin 1
a: Renounce Religion, Fiery Armour, Foxfire Swarm, Rising Flame


You were on level 8 of the Dungeon.
You worshipped Ignis.
Ignis was extremely pleased with you.
You visited 1 branch of the dungeon, and saw 7 of its levels.

You collected 152 gold pieces.

Inventory:

Armour
 a - a +0 robe (worn)
 c - a +0 hat (worn)
Jewellery
 k - an amulet of guardian spirit (around neck)
Wands
 d - a wand of polymorph (11)
 i - a wand of iceblast (11)
Scrolls
 b - a scroll of fog {unknown}
 f - 2 scrolls of identify {unknown}
Potions
 e - a potion of degeneration {unknown}
 g - a potion of cancellation {unknown}
 h - a potion of flight {unknown}


   Skills:
 - Level 2.4 Fighting
 + Level 11.2 Unarmed Combat
 - Level 1.0 Spellcasting
 - Level 2.1 Fire Magic


You had 9 spell levels left.
You didn't know any spells.
Your spell library contained the following spells:

 Spells                   Type           Power      Damage    Failure   Level
 Scorch                   Fire           8%         2d5       22%         2


Dungeon Overview and Level Annotations

Branches:
Dungeon (8/15)             Temple (0/1) D:5
   Lair: D:8-11

Altars:
Fedhas
Trog

Annotations:
D:6 2 runed translucent doors, indyram44's ghost, novice DsFi


Innate Abilities, Weirdness & Mutations

You are too large for most types of armour.
You have claws for hands.
Your natural rate of healing is unusually fast.
You are covered in fur. (AC +1)
You have tough skin. (AC +1)


Message History

Unknown command.
Aiming: Paralyse
Press: ? - help, Shift-Dir - straight line, f/p - hornet
Aim: a hornet (chance to affect: 39%)
The hornet resists with some effort.
You feel yourself speed up.
You feel very sick. The hornet stings you!
You feel yourself slow down. The hornet barely misses you.
Unknown command.
Aiming: Paralyse
Press: ? - help, Shift-Dir - straight line, f/p - hornet
Aim: a hornet (chance to affect: 39%)
The hornet resists with some effort.
The now-empty wand crumbles to dust.
You feel sick. The hornet stings you!
* * * LOW HITPOINT WARNING * * *
You feel as though you will be slow longer.
The hornet stings you!
* * * LOW HITPOINT WARNING * * *
You feel as though you will be slow longer.
The hornet closely misses you.
Unknown command.
You don't have any such object.
Evoke which item? (* to show all) (? for menu, Esc to quit)
You don't have any such object.
Evoke which item? (* to show all) (? for menu, Esc to quit)
You don't have any such object.
Evoke which item? (* to show all) (? for menu, Esc to quit)
That's the wrong kind of item! (Use * to select it.) Evoke which item? (* to show all) (? for menu, Esc to quit)
You don't have any such object.
Evoke which item? (* to show all) (? for menu, Esc to quit)
Okay, then.
Okay, then.
Okay, then.
Aiming: Polymorph
Press: ? - help, Shift-Dir - straight line, f/p - hornet
Aim: a hornet (will become a wyvern, a steam dragon, or a golden eye, chance to affect: 39%)
The hornet resists with some effort.
You feel sick. The hornet stings you!
You die...

###.#..##.........##
##...##.##.....#..##
......#..##.......#
......##.##....####
.......#..#..###
.......##....#
..#.....##...#
........##.#..#
...$...Fy@.#..#
.......######..#
.....## #.# ...## ..
.# #.# ..


You could see a hornet and a bullfrog.

Vanquished Creatures
  Menkaure (D:6)
  An acid dragon (D:8)
  3 ice beasts (D:6)
  A sky beast (D:7)
  A necrophage (D:6)
  2 ogres
  A centaur (D:6)
  A phantom (D:6)
  A gnoll sergeant (D:5)
  3 howler monkeys (D:8)
  3 centaur zombies
  A hound (D:7)
  2 orc priests
  A centaur skeleton (D:6)
  3 orc wizards (D:6)
  3 gnolls
  A howler monkey skeleton (D:7)
  A shadow imp (D:6)
  2 white imps
  An ufetubus (D:7)
  4 orcs (D:6)
  2 endoplasms
  4 goblins
  A hobgoblin (D:2)
  A quokka (D:2)
  2 frilled lizards (D:2)
  A kobold (D:2)
  A rat (D:3)
49 creatures vanquished.

Vanquished Creatures (collateral kills)
  A foxfire (D:6)
1 creature vanquished.

Vanquished Creatures (others)
  16 foxfires (D:6)
  7 fungi (D:6)
23 creatures vanquished.

Grand Total: 73 creatures vanquished

Notes
Turn   | Place    | Note
-------+----------+-------------------------------------------
     0 | D:1      | comborobin the Troll Cinder Acolyte began the quest for the
                  | Orb.
     0 | D:1      | Reached XP level 1. HP: 22/22 MP: 1/1
   106 | D:2      | Reached XP level 2. HP: 29/29 MP: 2/2
   107 | D:2      | Found a faded altar of an unknown god.
   188 | D:3      | You fall into a shaft and drop 2 floors!
   188 | D:5      | Entered Level 5 of the Dungeon
   207 | D:6      | Noticed a necrophage
   216 | D:6      | Killed a necrophage
   217 | D:6      | Reached skill level 5 in Unarmed Combat
   217 | D:6      | Reached XP level 3. HP: 32/36 MP: 3/3
   217 | D:6      | Reached XP level 4. HP: 39/44 MP: 4/4
   281 | D:6      | Noticed a centaur
   292 | D:6      | Killed a centaur
   293 | D:6      | Reached skill level 6 in Unarmed Combat
   293 | D:6      | Reached XP level 5. HP: 28/50 MP: 5/5
   335 | D:6      | Noticed a phantom
   354 | D:6      | Killed a phantom
   355 | D:6      | Reached XP level 6. HP: 52/59 MP: 6/6
   364 | D:6      | Noticed an ice beast
   380 | D:6      | Killed an ice beast
   381 | D:6      | Reached skill level 7 in Unarmed Combat
   450 | D:6      | Found a bloodstained altar of Trog.
   487 | D:6      | Noticed Menkaure
   490 | D:6      | Killed Menkaure
   491 | D:6      | Reached skill level 8 in Unarmed Combat
   491 | D:6      | Reached XP level 7. HP: 49/66 MP: 7/7
   527 | D:6      | Found a blossoming altar of Fedhas.
   597 | D:6      | Reached skill level 9 in Unarmed Combat
   752 | D:6      | Found a large runed translucent door.
   752 | D:6      | Found a large runed translucent door.
   882 | D:7      | Reached XP level 8. HP: 46/74 MP: 3/8
  1075 | D:7      | Reached skill level 10 in Unarmed Combat
  1292 | D:6      | Noticed indyram44's ghost (novice DsFi)
  1494 | D:5      | Found a staircase to the Ecumenical Temple.
  1669 | D:8      | Reached skill level 11 in Unarmed Combat
  1692 | D:8      | Noticed a hornet
  1697 | D:8      | Slain by a hornet

Illustrated notes

Levels and vault maps discovered:
D:1:      psy_arrival_spokes, layout_basic, minmay_misc_feat_roman,
          minmay_small_reverse_x
D:2:      layout_rooms, shapermc_ecumenical_altar_gd, minmay_divided_ellipse
D:3:      layout_basic, xom_butterflies, serial_shops, nicolae_diamond_shop,
          feat_on_display
D:5:      layout_loops_ring, chequers_temple_overflow_minitemple,
          minmay_temple_entry_statues_fountains, hangedman_glass_teeth,
          nicolae_grassy_gnolls
D:6:      layout_basic, mainiacjoe_overflow_boulevard,
          mainiacjoe_overflow_24_doors, ebering_ghost_disaster_area,
          uniq_menkaure
D:7:      layout_basic, uniq_harold
D:8:      minmay_skewed_foursquare, layout_cave_pods, hangedman_decor_lopped,
          uniq_psyche

Skill      XL: |  1  2  3  4  5  6  7  8 |
---------------+-------------------------+-----
Unarmed Combat | 5 6 8 9 11 | 11.2
Fighting       | |  2.4
Spellcasting   | |  1.0
Fire Magic     | |  2.1

Action                   |  1- 3 |  4- 6 |  7- 9 || total
-------------------------+-------+-------+-------++-------
Melee: Unarmed           |    32 |    65 |    72 ||   169
       Punch             |       |     1 |     3 ||     4
Invok: Foxfire Swarm     |       |       |     1 ||     1
Evoke: Wand              |       |       |     6 ||     6
  Use: Scroll            |       |       |     4 ||     4
 Stab: Paralysed         |       |       |     1 ||     1
Armor: Robe              |    12 |    19 |    25 ||    56
Dodge: Dodged            |    18 |    25 |    44 ||    87

Table legend: (Time is in decaauts)
 A = Elapsed time spent in this place.
 B = Non-inter-level travel time spent in this place.
 C = Inter-level travel time spent in this place.
 D = Time resting spent in this place.
 E = Time spent auto-exploring this place.
 F = Levels seen in this place.
 G = Mean time per level.
                   A        B        C        D        E       F      G
               +--------+--------+--------+--------+--------+-----+--------+
         Total |   1677 |   1491 |    186 |    129 |    918 |   7 |  239.6 |
       Dungeon |   1677 |   1491 |    186 |    129 |    918 |   7 |  239.6 |
               +--------+--------+--------+--------+--------+-----+--------+

Top non-repeatable levels by time:
     D:6: 874 daAuts
     D:7: 369 daAuts
     D:5: 162 daAuts
     D:2: 132 daAuts
     D:8: 86 daAuts
     D:3: 43 daAuts
     D:1: 10 daAuts
